Workbook

Sheet 様式5-8　施設改修費の内訳書
A2: 様式5-8 施設改修費の内訳書
A4: 黄色セル | B4: には記入しないでください
A5: （注）消費税及び地方消費税を含んだ額をご記入ください。 【資料の凡例】 ★＋赤字：優先改修項目（供用開始までに改修を必須とする項目） 赤字：必要改修項目（事業期間中に改修又は修繕を必須とする項目）
A7: 1．事業期間中の改修計画及び改修内容
D8: 運営再開前 | E8: 運営期間中（改修計画と整合するように記入してください） | O8: 合計（円） | P8: 改修費用及び改修時期の考え方・根拠
D9: 令和9年度 | E9: 令和10年度 | F9: 令和11年度 | G9: 令和12年度 | H9: 令和13年度 | I9: 令和14年度 | J9: 令和15年度 | K9: 令和16年度 | L9: 令和17年度 | M9: 令和18年度 | N9: 令和19年度
A10: 建物外部
B11: 屋根 | O11: =SUM(D11:N11) -> 0
C12: アルミ葺部の部分補修及び再塗装 | O12: =SUM(D12:N12) -> 0
C13: アスファルト露出断熱防水の改修 | O13: =SUM(D13:N13) -> 0
O14: =SUM(D14:N14) -> 0
O15: =SUM(D15:N15) -> 0
B16: 外壁 | O16: =SUM(D16:N16) -> 0
C17: タイル貼部の浮き、ひび割れ等の部分補修 | O17: =SUM(D17:N17) -> 0
C18: 吹付塗装部のひび割れ等の部分補修及び再塗装 | O18: =SUM(D18:N18) -> 0
O19: =SUM(D19:N19) -> 0
O20: =SUM(D20:N20) -> 0
B21: 軒天 | O21: =SUM(D21:N21) -> 0
C22: フレキシブルボードの部分補修及び再塗装 | O22: =SUM(D22:N22) -> 0
O24: =SUM(D24:N24) -> 0
B25: サッシュ | O25: =SUM(D25:N25) -> 0
C26: ★排煙窓の改修 | O26: =SUM(D26:N26) -> 0
O28: =SUM(D28:N28) -> 0
B29: その他改修 | O29: =SUM(D29:N29) -> 0
O30: =SUM(D30:N30) -> 0
O31: =SUM(D31:N31) -> 0
A32: 建物内部
B33: 壁 | O33: =SUM(D33:N33) -> 0
O34: =SUM(D34:N34) -> 0
O35: =SUM(D35:N35) -> 0
B36: 天井 | O36: =SUM(D36:N36) -> 0
C37: 化粧石膏ボードの部分補修又は貼替 | O37: =SUM(D37:N37) -> 0
C38: 岩綿吸音板の部分補修又は貼替 | O38: =SUM(D38:N38) -> 0
C39: バスリブの部分補修又は貼替 | O39: =SUM(D39:N39) -> 0
O40: =SUM(D40:N40) -> 0
O41: =SUM(D41:N41) -> 0
B42: 床 | O42: =SUM(D42:N42) -> 0
C43: コルクタイルの部分補修又は貼替 | O43: =SUM(D43:N43) -> 0
C44: ビニル床シートの部分補修又は貼替 | O44: =SUM(D44:N44) -> 0
C45: タイルカーペットの部分補修又は貼替 | O45: =SUM(D45:N45) -> 0
C46: フローリングの部分補修又は貼替 | O46: =SUM(D46:N46) -> 0
O47: =SUM(D47:N47) -> 0
O48: =SUM(D48:N48) -> 0
B49: その他 | O49: =SUM(D49:N49) -> 0
C50: シャワーブースの部分改修 | O50: =SUM(D50:N50) -> 0
C51: 建具の部分補修又は更新 | O51: =SUM(D51:N51) -> 0
O52: =SUM(D52:N52) -> 0
O53: =SUM(D53:N53) -> 0
A54: プール部
B55: プール本体 | O55: =SUM(D55:N55) -> 0
C56: ★オーバーフロー側溝の補修 | O56: =SUM(D56:N56) -> 0
C57: ★プール槽の漏水箇所の補修 | O57: =SUM(D57:N57) -> 0
O58: =SUM(D58:N58) -> 0
O59: =SUM(D59:N59) -> 0
B60: プールサイド | O60: =SUM(D60:N60) -> 0
C61: ★タイル及び目地の補修（滑り止め処理含む） | O61: =SUM(D61:N61) -> 0
O62: =SUM(D62:N62) -> 0
O63: =SUM(D63:N63) -> 0
B64: 内壁 | O64: =SUM(D64:N64) -> 0
C65: ★内壁の劣化箇所の部分補修及び再塗装 | O65: =SUM(D65:N65) -> 0
O66: =SUM(D66:N66) -> 0
O67: =SUM(D67:N67) -> 0
B68: 天井 | O68: =SUM(D68:N68) -> 0
C69: ★天井の部分補修及び再塗装 | O69: =SUM(D69:N69) -> 0
O70: =SUM(D70:N70) -> 0
O71: =SUM(D71:N71) -> 0
B72: その他 | O72: =SUM(D72:N72) -> 0
C73: ★天井吊り金具の補修又は更新 | O73: =SUM(D73:N73) -> 0
C74: 建具の部分補修又は更新 | O74: =SUM(D74:N74) -> 0
O75: =SUM(D75:N75) -> 0
A76: 機械設備
B77: 電気設備 | O77: =SUM(D77:N77) -> 0
C78: ★キュービクルの改修 | O78: =SUM(D78:N78) -> 0
C79: ★自家用電気工作物の改修 | O79: =SUM(D79:N79) -> 0
C80: ★照明器具の全LED化 | O80: =SUM(D80:N80) -> 0
O81: =SUM(D81:N81) -> 0
O82: =SUM(D82:N82) -> 0
B83: 給排水給湯設備 | O83: =SUM(D83:N83) -> 0
C84: ★配管の漏水箇所の補修又は更新 | O84: =SUM(D84:N84) -> 0
C85: ★受水槽の補修 | O85: =SUM(D85:N85) -> 0
C86: ★貯湯槽の補修 | O86: =SUM(D86:N86) -> 0
C87: ★クッションタンクの補修 | O87: =SUM(D87:N87) -> 0
C88: ★ポンプ類の機器更新 | O88: =SUM(D88:N88) -> 0
C89: ・トイレ及び洗面等の衛生器具、水栓金具、弁類等の部品交換 | O89: =SUM(D89:N89) -> 0
O90: =SUM(D90:N90) -> 0
O91: =SUM(D91:N91) -> 0
B92: プール用設備 | O92: =SUM(D92:N92) -> 0
C93: ★ポンプ類の機器更新 | O93: =SUM(D93:N93) -> 0
C94: ★水質監視装置の更新又は仕様の変更 | O94: =SUM(D94:N94) -> 0
C95: ろ過装置のろ材及び必要な付属部品の交換 | O95: =SUM(D95:N95) -> 0
C96: ジェット装置及び気泡装置の機器交換 | O96: =SUM(D96:N96) -> 0
O97: =SUM(D97:N97) -> 0
O98: =SUM(D98:N98) -> 0
B99: 空調設備 | O99: =SUM(D99:N99) -> 0
C100: ★エアハンドリングユニットの部品交換 | O100: =SUM(D100:N100) -> 0
C101: ★ファンコイルユニットの部品交換 | O101: =SUM(D101:N101) -> 0
C102: ★ヒートポンプチラーの補修、部品交換、機器交換又は仕様変更 | O102: =SUM(D102:N102) -> 0
C103: ★冷温水配管の更新 | O103: =SUM(D103:N103) -> 0
C104: 室外機の部品交換 | O104: =SUM(D104:N104) -> 0
C105: 空調制御機器の部品交換 | O105: =SUM(D105:N105) -> 0
...

Sheet 様式5-9　管理運営に係る収支計画
B2: 様式5-9 管理運営に係る収支計画
B4: 黄色セル | C4: には記入しないでください
B5: 指定管理料の合計額が様式〇提案価格に関する書類の「指定管理料の提案価格（管理運営期間総額）」と整合するよう記入してください。
E7: 令和10年度 | F7: 令和11年度 | G7: 令和12年度 | H7: 令和13年度 | I7: 令和14年度 | J7: 令和15年度 | K7: 令和16年度 | L7: 令和17年度 | M7: 令和18年度 | N7: 令和19年度 | O7: 合計 | P7: 見積額算定の考え方・根拠
B8: 売上 | C8: 利用料金売上 | O8: =SUM(E8:N8) -> 0 | P8: 【利用料金の料金設定を記載してください】
C9: 各種教室売上 | O9: =SUM(E9:N9) -> 0
C10: その他売上 | O10: =SUM(E10:N10) -> 0
C11: 合計 | E11: =SUM(E8:E10) -> 0 | F11: =SUM(F8:F10) -> 0 | G11: =SUM(G8:G10) -> 0 | H11: =SUM(H8:H10) -> 0 | I11: =SUM(I8:I10) -> 0 | J11: =SUM(J8:J10) -> 0 | K11: =SUM(K8:K10) -> 0 | L11: =SUM(L8:L10) -> 0 | ... N11: =SUM(N8:N10) -> 0 | O11: =SUM(E11:N11) -> 0
E14: 令和10年度 | F14: 令和11年度 | G14: 令和12年度 | H14: 令和13年度 | I14: 令和14年度 | J14: 令和15年度 | K14: 令和16年度 | L14: 令和17年度 | M14: 令和18年度 | N14: 令和19年度 | O14: 合計 | P14: 見積額算定の考え方・根拠
B15: 支出 | C15: 賃金関係 | D15: 社員 | O15: =SUM(E15:N15) -> 0
D16: アルバイト・嘱託職員 | O16: =SUM(E16:N16) -> 0
D17: 外部インストラクター | O17: =SUM(E17:N17) -> 0
D18: 一般管理費 | O18: =SUM(E18:N18) -> 0
C19: 需用費 | D19: 旅費 | O19: =SUM(E19:N19) -> 0
D20: 消耗品費 | O20: =SUM(E20:N20) -> 0
D21: 燃料費 | O21: =SUM(E21:N21) -> 0
D22: 印刷製本費 | O22: =SUM(E22:N22) -> 0
D23: 電気代 | O23: =SUM(E23:N23) -> 0
D24: 上下水道代 | O24: =SUM(E24:N24) -> 0
D25: ガス代 | O25: =SUM(E25:N25) -> 0
D26: 経常修繕費 | O26: =SUM(E26:N26) -> 0
D27: 計画修繕費 | E27: ='様式5-8 施設改修費の内訳書'!E125 -> 0 | F27: ='様式5-8 施設改修費の内訳書'!F125 -> 0 | G27: ='様式5-8 施設改修費の内訳書'!G125 -> 0 | H27: ='様式5-8 施設改修費の内訳書'!H125 -> 0 | I27: ='様式5-8 施設改修費の内訳書'!I125 -> 0 | J27: ='様式5-8 施設改修費の内訳書'!J125 -> 0 | K27: ='様式5-8 施設改修費の内訳書'!K125 -> 0 | L27: ='様式5-8 施設改修費の内訳書'!L125 -> 0 | ... N27: ='様式5-8 施設改修費の内訳書'!N125 -> 0 | O27: =SUM(E27:N27) -> 0
C28: 役務費 | D28: 通信運搬費 | O28: =SUM(E28:N28) -> 0
D29: 手数料 | O29: =SUM(E29:N29) -> 0
D30: 保険料 | O30: =SUM(E30:N30) -> 0
C31: 委託料 | D31: 建物管理委託料 | O31: =SUM(E31:N31) -> 0
D32: 諸委託料 | O32: =SUM(E32:N32) -> 0
C33: 使用料及び賃借料 | D33: 自動車・機具等借上料 | O33: =SUM(E33:N33) -> 0
C34: 備品費 | D34: 備品費 | O34: =SUM(E34:N34) -> 0
C35: その他 | D35: その他経費 | O35: =SUM(E35:N35) -> 0
C36: 粗税公課 | O36: =SUM(E36:N36) -> 0
C37: 合計 | E37: =SUM(E15:E36) -> 0 | F37: =SUM(F15:F36) -> 0 | G37: =SUM(G15:G36) -> 0 | H37: =SUM(H15:H36) -> 0 | I37: =SUM(I15:I36) -> 0 | J37: =SUM(J15:J36) -> 0 | K37: =SUM(K15:K36) -> 0 | L37: =SUM(L15:L36) -> 0 | ... O37: =SUM(O15:O36) -> 0
E40: 令和10年度 | F40: 令和11年度 | G40: 令和12年度 | H40: 令和13年度 | I40: 令和14年度 | J40: 令和15年度 | K40: 令和16年度 | L40: 令和17年度 | M40: 令和18年度 | N40: 令和19年度 | O40: 合計
B41: 売上 | E41: =E11 -> 0 | F41: =F11 -> 0 | G41: =G11 -> 0 | H41: =H11 -> 0 | I41: =I11 -> 0 | J41: =J11 -> 0 | K41: =K11 -> 0 | L41: =L11 -> 0 | ... N41: =N11 -> 0 | O41: =SUM(E41:N41) -> 0
B42: 支出 | E42: =E37 -> 0 | F42: =F37 -> 0 | G42: =G37 -> 0 | H42: =H37 -> 0 | I42: =I37 -> 0 | J42: =J37 -> 0 | K42: =K37 -> 0 | L42: =L37 -> 0 | ... N42: =N37 -> 0 | O42: =SUM(E42:N42) -> 0
B43: 指定管理料（管理運営費＋計画修繕費） | E43: =E42-E41 -> 0 | F43: =F42-F41 -> 0 | G43: =G42-G41 -> 0 | H43: =H42-H41 -> 0 | I43: =I42-I41 -> 0 | J43: =J42-J41 -> 0 | K43: =K42-K41 -> 0 | L43: =L42-L41 -> 0 | ... O43: =O42-O41 -> 0
B44: 管理運営費（指定管理料ー計画修繕費） | E44: =E43-E27 -> 0 | F44: =F43-F27 -> 0 | G44: =G43-G27 -> 0 | H44: =H43-H27 -> 0 | I44: =I43-I27 -> 0 | J44: =J43-J27 -> 0 | K44: =K43-K27 -> 0 | L44: =L43-L27 -> 0 | ... O44: =O43-O27 -> 0
